 Dungeon Crawl Stone Soup version 0.31-a0-162-gc4c5a43528 (webtiles) character file.

Game seed: 592502796732669964

30102 qw the Cleaver (level 13, -4/84 HPs)
             Began as a Gargoyle Fighter on June 12, 2023.
             Was an Elder of Okawaru.
             Slain by a death yak (14 damage)
             ... on level 5 of the Lair of Beasts.
             The game lasted 00:07:37 (13067 turns).

qw the Cleaver (Gargoyle Fighter)                  Turns: 13067, Time: 00:07:38

Health: -4/84      AC: 32    Str: 30    XL:     13   Next: 49%
Magic:  18/18      EV: 15    Int: 10    God:    Okawaru [****..]
Gold:   787        SH: 11    Dex:  7    Spells: 12/12 levels left

rFire   . . .        Y - +0 broad axe
rCold   . . .        c - +0 buckler
rNeg    + . .        b - +0 plate armour
rPois   inf          u - +0 hat {SInv}
rElec   +            f - +1 cloak
rCorr   .            (no gloves)
SInv    +            v - +2 pair of boots
Will    .....        h - amulet of reflection Stlth
                     g - +5 ring of evasion
HPRegen 0.34/turn    n - +6 ring of strength
MPRegen 0.16/turn

%: reflection
@: about to teleport, heroic
A: sickness immunity, AC +9, negative energy resistance 1, electricity
resistance, torment resistance 1, petrification resistance, antennae 1, clumsy
1, low MP 1
a: Renounce Religion, Heroism, Finesse


You were on level 5 of the Lair of Beasts.
You worshipped Okawaru.
Okawaru was greatly pleased with you.
You visited 2 branches of the dungeon, and saw 14 of its levels.

You collected 845 gold pieces.
You spent 58 gold pieces at shops.


Innate Abilities, Weirdness & Mutations

You are immune to sickness and miasma.
Your stone body is resilient. (AC +9)
You are immune to poison.
You resist negative energy. (rN+)
You are resistant to electric shocks. (rElec)
You are resistant to unholy torment.
You are immune to petrification.
You have a pair of small antennae on your head.
You are clumsy. (Dex -2)
Your magical capacity is low. (-10% MP)


   Skills:
 - Level 11.0(16.0) Fighting
 + Level 14.0(19.0) Axes
 - Level 10.0(15.0) Armour
 - Level 2.0(7.0) Dodging
 - Level 7.1(12.1) Shields
 - Level 10.0 Invocations


You had 12 spell levels left.
You didn't know any spells.
Your spell library was empty.

Inventory:

Hand Weapons
 k - a +0 hand axe of flaming
 Y - a +0 broad axe (weapon)
Armour
 b - a +0 plate armour (worn)
 c - a +0 buckler (worn)
 f - a +1 cloak (worn)
 t - the +0 ring mail "Effil" {rC+ Regen+ Int+3 Slay+2}
   (You found it on level 3 of the Lair of Beasts)

   Int:       It affects your intelligence (+3).
   Slay:      It affects your accuracy & damage with ranged weapons and melee
   (+2).
   rC:        It protects you from cold.
   Regen:     It increases your rate of health regeneration.
 u - a +0 hat of see invisible (worn)
 v - a +2 pair of boots (worn)
 w - the +1 plate armour of Blue Divine Compulsion {-Cast Harm Will+ Str+4}
   (You found it on level 8 of the Dungeon)

   Str:       It affects your strength (+4).
   -Cast:     It prevents spellcasting.
   Harm:      It increases damage dealt and taken.
   Will:      It increases your willpower.
Jewellery
 g - a +5 ring of evasion (left hand)
 h - an amulet of reflection (around neck)
 n - a +6 ring of strength (right hand)
 o - a ring of fire
Scrolls
 l - 3 scrolls of identify
 p - a scroll of teleportation
Potions
 a - 2 potions of haste
 d - a potion of might
 e - 5 potions of mutation
 j - 2 potions of attraction
 m - 6 potions of curing
 q - a potion of lignification
 r - a potion of cancellation
 s - a potion of heal wounds

Dungeon Overview and Level Annotations

Branches:
Dungeon (9/15)             Temple (0/1) D:5            Lair (5/5) D:9
  Swamp (0/4) Lair:2        Snake (0/4) Lair:3          Orc (0/2) D:9
  Slime: Lair:4-5

Altars:
Ashenzari
Kikubaaqudgha
Nemelex Xobeh
Okawaru
Qazlal
Trog
Uskayaw
Wu Jian
Xom

Shops:
D:1 [   D:2 *   D:3 =

Annotations:
D:3 1 transporter
D:5 1 runed translucent door, Crazy Yiuf
Lair:4 2 transporters, qw's ghost, journeyman GrFi


Message History

The death yak is severely wounded.
You slash the death yak! You slash the yak! The yak barely misses you.
The death yak gores you but does no damage.
You block the death yak's attack.
You barely miss the death yak.
The death yak is severely wounded.
You hit the death yak but do no damage. You closely miss the yak.
You block the yak's attack. The death yak barely misses you.
The death yak gores you but does no damage.
You hit the death yak.
The death yak is severely wounded.
You hit the death yak but do no damage. You slice the yak!! You slice the yak!!
You kill the yak!
Okawaru accepts your kill.
You barely miss the death yak. You hit the death yak.
You block the death yak's attack. The death yak gores you.
Your base Armour skill increases to level 10!
You hit the death yak but do no damage.
The death yak is severely wounded.
You barely miss the death yak.
The death yak gores you but does no damage.
The death yak gores you.
You hit the death yak but do no damage.
The death yak is severely wounded.
You slash the death yak! You block the death yak's attack. x2
You hit the death yak but do no damage.
The death yak is severely wounded.
You barely miss the death yak. You slice the death yak!!
The death yak is almost dead.
You slash the death yak! The death yak gores you!
You block the death yak's attack.
13067 ||| READING 2 scrolls of teleportation.
As you read the scroll of teleportation, it crumbles to dust.
You feel strangely unstable. The death yak gores you! x2
You die...

#. . .# .## .# ###
..# ..P ##.###
#.###...# ....
##....####Y%......
...##
#......##.@..P#
....#
##......#..Y###
....## #..##.....##
.....# #...###.###
...P# ##...#### ##
....# ##...###.P#
.<..# ##......#
...#######......###
....##.....8%.....#


You could see 2 death yaks.

Vanquished Creatures
  A hydra (D:8)
  A ghost crab (Lair:2)
  A two-headed ogre (D:6)
  2 catoblepae
  A death yak (Lair:5)
  A skyshark (Lair:4)
  Pikel (D:6)
  A cyclops (D:9)
  2 manticores (Lair:5)
  3 elephants (Lair:4)
  A black mamba (Lair:1)
  7 cane toads
  11 komodo dragons
  3 rime drakes
  A spectral skyshark (Lair:2)
  A hornet (D:9)
  A troll (D:9)
  3 polar bears
  6 dream sheep (Lair:4)
  11 blink frogs
  A shadow (D:9)
  Eustachio (D:6)
  4 wyverns
  Grum (Lair:1)
  2 spectral komodo dragons (Lair:2)
  34 yaks
  2 basilisks
  Edmund (D:5)
  2 nagas (Lair:3)
  Menkaure (D:6)
  6 water moccasins
  Duvessa (D:6)
  A spectral yak (Lair:2)
  3 orc warriors (D:9)
  3 ice beasts
  A sky beast (D:8)
  6 black bears
  An ogre (D:4)
  2 wolves (Lair:1)
  A centaur (D:9)
  A phantom (D:5)
  A kobold brigand (D:7)
  Blork the orc (D:5)
  18 bullfrogs
  2 spectral water moccasins (Lair:2)
  2 gnoll sergeants
  4 scorpions
  9 wights
  Dowan (D:6)
  4 killer bees (D:9)
  4 howler monkeys
  4 electric eels
  2 gnoll boudas
  A hound (D:5)
  2 jellies
  5 orc priests
  2 sleepcaps
  3 iguanas
  Ijyb (D:3)
  Natasha (twice) (D:2)
  5 orc wizards
  24 gnolls
  6 adders
  2 river rats (D:3)
  2 shadow imps (D:7)
  A white imp (D:7)
  2 ufetubi
  A worm (D:5)
  29 orcs
  8 endoplasms
  5 giant cockroaches
  8 goblins
  10 hobgoblins
  4 jackals (D:1)
  2 quokkas (D:4)
  13 ball pythons
  2 bats
  6 frilled lizards
  10 kobolds
  6 rats
348 creatures vanquished.

Vanquished Creatures (others)
  A vampire (D:9)
1 creature vanquished.

Grand Total: 349 creatures vanquished

Notes
Turn   | Place    | Note
-------+----------+-------------------------------------------
     0 | D:1      | qw the Gargoyle Fighter began the quest for the Orb.
     0 | D:1      | Reached XP level 1. HP: 14/14 MP: 1/1
     0 | D:1      | 0 ||| qw: Version: 0.2-a-29-gc1b59c4
     0 | D:1      | 0 ||| qw: Game counter: 4417
     0 | D:1      | 0 ||| qw: Always use a shield: true
     0 | D:1      | 0 ||| qw: God list: Okawaru
     0 | D:1      | 0 ||| qw: Allow faded altars: false
     0 | D:1      | 0 ||| qw: Do Orc after D:15 true
     0 | D:1      | 0 ||| qw: Do second Lair branch before Depths: true
     0 | D:1      | 0 ||| qw: Lair rune preference: random
     0 | D:1      | 0 ||| qw: Plans: Normal, Zot:1-4, Slime:5, God:TSO, Crypt,
                  | Tomb, Abyss, Pan, Hells, Win
     0 | D:1      | 0 ||| PLANNING D:1-11
    45 | D:1      | Reached skill level 2 in Axes
    50 | D:1      | 50 ||| Stepping ~*~*~tactically~*~*~ (stealth).
    79 | D:1      | 79 ||| FLEEEEING.
    80 | D:1      | 80 ||| FLEEEEING.
    91 | D:1      | Reached XP level 2. HP: 19/19 MP: 2/2
   259 | D:1      | Found Owkeus's Armour Boutique.
   267 | D:1      | 267 ||| SHOPLISTING +0 pair of gloves (63 gold, have 34).
   267 | D:1      | 267 ||| SHOPLISTING +2 plate armour of fire resistance (560
                  | gold, have 34).
   312 | D:1      | Reached skill level 3 in Axes
   337 | D:1      | 337 ||| Stepping ~*~*~tactically~*~*~ (stealth).
   345 | D:1      | Reached XP level 3. HP: 23/23 MP: 3/3
   380 | D:1      | Found a faded altar of an unknown god.
   425 | D:1      | 425 ||| Stepping ~*~*~tactically~*~*~ (hiding).
   426 | D:1      | 426 ||| Stepping ~*~*~tactically~*~*~ (hiding).
   427 | D:1      | 427 ||| Stepping ~*~*~tactically~*~*~ (hiding).
   430 | D:1      | 430 ||| Stepping ~*~*~tactically~*~*~ (hiding).
  1037 | D:1      | 1037 ||| UPGRADING to +5 ring of evasion.
  1038 | D:1      | 1038 ||| READING scroll labelled NOUPUI BAWIUPP.
  1039 | D:1      | 1039 ||| READING scroll labelled HOURHU VOESAEXEF.
  1039 | D:1      | Identified a scroll of acquirement
  1039 | D:1      | 1039 ||| ACQUIRING +0 morningstar of protection
  1039 | D:1      | Acquired a +0 morningstar of protection
  1041 | D:1      | 1041 ||| DROPPING +0 club.
  1042 | D:1      | 1042 ||| READING 2 scrolls labelled SYQYENILOSCH.
  1067 | D:2      | 1067 ||| Stepping ~*~*~tactically~*~*~ (stealth).
  1131 | D:2      | Noticed Natasha
  1136 | D:2      | Killed Natasha
  1137 | D:2      | Reached XP level 4. HP: 27/28 MP: 4/4
  1140 | D:2      | Reached skill level 4 in Axes
  1142 | D:2      | Found an iron altar of Okawaru.
  1143 | D:2      | 1143 ||| PLANNING OKAWARU WORSHIP
  1143 | D:2      | 1143 ||| READING scroll labelled DORAOG OTAOZ.
  1144 | D:2      | 1144 ||| DRINKING 2 brown potions.
  1153 | D:2      | Became a worshipper of Warmaster Okawaru
  1153 | D:2      | 1153 ||| PLANNING D:1-11
  1305 | D:2      | HP: 5/28 [gnoll/+0 whip (8)]
  1306 | D:2      | 1306 ||| READING 2 scrolls of teleportation.
  1472 | D:2      | Found Haeschuoz's Assorted Antiques.
  1475 | D:2      | 1475 ||| BUYING 2 scrolls labelled OTIM BOYKHAMAO (58
                  | gold).
  1475 | D:2      | Bought 2 scrolls labelled OTIM BOYKHAMAO for 58 gold pieces
  1475 | D:2      | 1475 ||| SHOPLISTING scroll labelled YFAIVI UTUNKAO (29
                  | gold, have 16).
  1475 | D:2      | 1475 ||| SHOPLISTING transparent buckler (275 gold, have
                  | 16).
  1484 | D:2      | 1484 ||| Stepping ~*~*~tactically~*~*~ (stealth).
  1550 | D:2      | Noticed Natasha
  1560 | D:2      | Killed Natasha
  1734 | D:2      | Reached XP level 5. HP: 30/32 MP: 5/5
  1787 | D:2      | 1787 ||| UPGRADING to +0 cloak.
  1792 | D:2      | 1792 ||| UPGRADING to amulet of reflection.
  1797 | D:2      | 1797 ||| READING 2 scrolls labelled OTIM BOYKHAMAO.
  1798 | D:2      | 1798 ||| READING scroll of enchant armour.
  1798 | D:2      | 1798 ||| ENCHANTING +0 cloak.
  1799 | D:2      | 1799 ||| READING scroll labelled NIOGGO VESHODD.
  1800 | D:2      | 1800 ||| DRINKING 2 grey potions.
  1800 | D:2      | Gained mutation: Your magical capacity is low. (-10% MP)
                  | [potion of mutation]
  1800 | D:2      | Gained mutation: You are clumsy. (Dex -2) [potion of
                  | mutation]
  1800 | D:2      | Gained mutation: You have a pair of small antennae on your
                  | head. [potion of mutation]
  1817 | D:3      | Found Limuth's Jewellery Emporium.
  1818 | D:3      | 1818 ||| PLANNING SEWER
  1982 | D:3      | 1982 ||| Stepping ~*~*~tactically~*~*~ (hiding).
  1983 | D:3      | 1983 ||| Stepping ~*~*~tactically~*~*~ (hiding).
  1984 | D:3      | 1984 ||| Stepping ~*~*~tactically~*~*~ (hiding).
  1985 | D:3      | 1985 ||| Stepping ~*~*~tactically~*~*~ (hiding).
  1986 | D:3      | 1986 ||| Stepping ~*~*~tactically~*~*~ (hiding).
  2082 | D:3      | Identified the +10 short sword "Nuoryk" {drain, rPois rCorr
                  | Str+2}
  2119 | D:3      | Reached skill level 5 in Axes
  2186 | D:3      | 2186 ||| SHOPLISTING +4 ring of protection (360 gold, have
                  | 85).
  2186 | D:3      | 2186 ||| SHOPLISTING +5 ring of evasion (360 gold, have
                  | 85).
  2186 | D:3      | 2186 ||| SHOPLISTING amulet of faith (400 gold, have 85).
  2186 | D:3      | 2186 ||| SHOPLISTING ring of ice (250 gold, have 85).
  2186 | D:3      | 2186 ||| SHOPLISTING ring of resist corrosion (200 gold,
                  | have 85).
  2221 | D:3      | Found an ornate altar of the Wu Jian Council.
  2242 | D:3      | Found a sparkling altar of Nemelex Xobeh.
  2242 | D:3      | Found a transporter.
  2243 | D:3      | Noticed a black bear
  2366 | D:3      | Noticed Ijyb
  2392 | D:3      | Killed Ijyb
  2393 | D:3      | Reached XP level 6. HP: 34/38 MP: 5/5
  2448 | D:3      | 2448 ||| RIP SEWER
  2456 | D:3      | 2456 ||| PLANNING D:1-11
  2724 | D:4      | Noticed a black bear
  2725 | D:4      | 2725 ||| Stepping ~*~*~tactically~*~*~ (stealth).
  2735 | D:4      | Killed a black bear
  2801 | D:4      | Reached skill level 6 in Axes
  2963 | D:4      | Noticed a black bear
  2971 | D:4      | Killed a black bear
  2972 | D:4      | Reached XP level 7. HP: 42/43 MP: 6/6
  2976 | D:4      | Reached * piety under Okawaru
  3026 | D:4      | 3026 ||| INVOKING Heroism.
  3039 | D:4      | Reached skill level 7 in Axes
  3083 | D:4      | Reached skill level 1 in Invocations
  3120 | D:4      | 3120 ||| Stepping ~*~*~tactically~*~*~ (hiding).
  3124 | D:4      | 3124 ||| Stepping ~*~*~tactically~*~*~ (hiding).
  3162 | D:4      | 3162 ||| INVOKING Heroism.
  3197 | D:4      | 3197 ||| Stepping ~*~*~tactically~*~*~ (stealth).
  3198 | D:4      | 3198 ||| Stepping ~*~*~tactically~*~*~ (stealth).
  3260 | D:4      | 3260 ||| Stepping ~*~*~tactically~*~*~ (hiding).
  3326 | D:4      | 3326 ||| Stepping ~*~*~tactically~*~*~ (stealth).
  3514 | D:4      | 3514 ||| Stepping ~*~*~tactically~*~*~ (hiding).
  3518 | D:4      | 3518 ||| INVOKING Heroism.
  3527 | D:4      | Reached XP level 8. HP: 46/49 MP: 5/8
  3549 | D:4      | 3549 ||| Stepping ~*~*~tactically~*~*~ (hiding).
  3553 | D:4      | 3553 ||| INVOKING Heroism.
  3802 | D:4      | 3802 ||| UPGRADING to +0 ring mail of fire resistance.
  3812 | D:4      | 3812 ||| READING scroll labelled DICILEE JUPHEL.
  3813 | D:4      | 3813 ||| READING scroll labelled VIAFUO VOUTUBE.
  3814 | D:4      | 3814 ||| DRINKING 2 amethyst potions.
  3815 | D:4      | 3815 ||| READING 4 scrolls of identify.
  3815 | D:4      | 3815 ||| IDENTIFYING clear potion
  3816 | D:4      | 3816 ||| READING 3 scrolls of identify.
  3816 | D:4      | 3816 ||| IDENTIFYING cyan potion
  3817 | D:4      | 3817 ||| READING 2 scrolls of identify.
  3817 | D:4      | 3817 ||| IDENTIFYING green potion
  3818 | D:4      | 3818 ||| DROPPING potion of degeneration.
  3819 | D:4      | 3819 ||| DROPPING potion of brilliance.
  3853 | D:5      | Entered Level 5 of the Dungeon
  3859 | D:5      | Reached skill level 1 in Dodging
  3890 | D:5      | 3890 ||| INVOKING Heroism.
  4049 | D:5      | Found a bloodstained altar of Trog.
  4169 | D:5      | Reached skill level 8 in Axes
  4283 | D:5      | Found a staircase to the Ecumenical Temple.
  4511 | D:5      | Noticed Blork the orc
  4522 | D:5      | Killed Blork the orc
  4644 | D:5      | Found a runed translucent door.
  4645 | D:5      | Noticed Crazy Yiuf
  4716 | D:5      | Noticed Edmund
  4717 | D:5      | 4717 ||| INVOKING Heroism.
  4730 | D:5      | Killed Edmund
  4731 | D:5      | Reached skill level 6 in Fighting
  4862 | D:5      | 4862 ||| READING scroll labelled CEIXUH LARPH.
  4863 | D:5      | 4863 ||| READING 2 scrolls of identify.
  4863 | D:5      | 4863 ||| IDENTIFYING bubbling green potion
  4972 | D:6      | Noticed a two-headed ogre
  4973 | D:6      | 4973 ||| INVOKING Heroism.
  4987 | D:6      | Killed a two-headed ogre
  4987 | D:6      | Reached ** piety under Okawaru
  4988 | D:6      | Reached skill level 9 in Axes
  4988 | D:6      | Reached XP level 9. HP: 56/56 MP: 8/10
  5011 | D:6      | Found a hide-covered altar of Uskayaw.
  5028 | D:6      | You fall into a shaft and drop 3 floors!
  5052 | D:9      | 5052 ||| UPGRADING to +6 ring of strength.
  5069 | D:8      | Reached skill level 3 in Invocations
  5103 | D:7      | 5103 ||| Stepping ~*~*~tactically~*~*~ (hiding).
  5113 | D:7      | 5113 ||| Stepping ~*~*~tactically~*~*~ (stealth).
  5137 | D:6      | Noticed Menkaure
  5138 | D:6      | 5138 ||| INVOKING Heroism.
  5142 | D:6      | Killed Menkaure
  5294 | D:6      | Noticed Eustachio
  5295 | D:6      | 5295 ||| INVOKING Heroism.
  5307 | D:6      | Killed Eustachio
  5393 | D:6      | Noticed Duvessa
  5394 | D:6      | 5394 ||| INVOKING Heroism.
  5398 | D:6      | Noticed Dowan
  5402 | D:6      | Killed Duvessa
  5411 | D:6      | Killed Dowan
  5557 | D:6      | Reached skill level 10 in Axes
  5670 | D:6      | Noticed Pikel
  5671 | D:6      | 5671 ||| INVOKING Heroism.
  5681 | D:6      | Killed Pikel
  5681 | D:6      | Reached *** piety under Okawaru
  5682 | D:6      | Reached XP level 10. HP: 53/65 MP: 9/11
  5860 | D:6      | 5860 ||| DROPPING +0 scale mail.
  5861 | D:6      | 5861 ||| UPGRADING to +0 chain mail.
  5871 | D:6      | 5871 ||| UPGRADING to +0 pair of boots.
  5876 | D:6      | 5876 ||| READING 2 scrolls labelled UGOVAI ASENU.
  5922 | D:6      | 5922 ||| READING scroll labelled MESOOF ZALOBB.
  5923 | D:6      | 5923 ||| READING 2 scrolls of identify.
  5923 | D:6      | 5923 ||| IDENTIFYING sapphire potion
  5924 | D:6      | 5924 ||| DROPPING potion of enlightenment.
  5925 | D:6      | 5925 ||| DROPPING scroll of torment.
  6002 | D:7      | 6002 ||| Stepping ~*~*~tactically~*~*~ (hiding).
  6213 | D:7      | 6213 ||| Stepping ~*~*~tactically~*~*~ (hiding).
  6215 | D:7      | 6215 ||| Stepping ~*~*~tactically~*~*~ (hiding).
  6216 | D:7      | 6216 ||| Stepping ~*~*~tactically~*~*~ (hiding).
  6373 | D:7      | Found an ancient bone altar of Kikubaaqudgha.
  6511 | D:7      | 6511 ||| READING 2 scrolls of enchant armour.
  6511 | D:7      | 6511 ||| ENCHANTING +0 pair of boots.
  6512 | D:7      | 6512 ||| READING scroll of enchant armour.
  6512 | D:7      | 6512 ||| ENCHANTING +1 pair of boots.
  6726 | D:7      | Found a broken altar of Ashenzari.
  6770 | D:7      | 6770 ||| READING scroll labelled DAPNIS SULU.
  6771 | D:7      | 6771 ||| READING scroll labelled NOUZIG UPIA.
  6812 | D:8      | 6812 ||| STAIRDANCE
  6818 | D:7      | Reached **** piety under Okawaru
  6854 | D:8      | 6854 ||| Stepping ~*~*~tactically~*~*~ (stealth).
  6858 | D:8      | 6858 ||| Stepping ~*~*~tactically~*~*~ (hiding).
  6901 | D:8      | 6901 ||| SWAPPING to +2 war axe.
  6904 | D:8      | 6904 ||| DROPPING +1 war axe.
  6905 | D:8      | 6905 ||| Stepping ~*~*~tactically~*~*~ (hiding).
  6906 | D:8      | 6906 ||| INVOKING Heroism.
  6930 | D:8      | Identified the +1 plate armour of Blue Divine Compulsion
                  | {-Cast Harm Will+ Str+4}
  7042 | D:8      | 7042 ||| Stepping ~*~*~tactically~*~*~ (hiding).
  7045 | D:8      | 7045 ||| Stepping ~*~*~tactically~*~*~ (hiding).
  7045 | D:8      | Noticed a seven-headed hydra
  7046 | D:8      | 7046 ||| Stepping ~*~*~tactically~*~*~ (hiding).
  7047 | D:8      | 7047 ||| INVOKING Heroism.
  7050 | D:8      | 7050 ||| SWAPPING to +0 morningstar of protection.
  7058 | D:8      | Killed a seven-headed hydra
  7059 | D:8      | Reached skill level 11 in Axes
  7059 | D:8      | 7059 ||| SWAPPING to +2 war axe.
  7077 | D:8      | 7077 ||| INVOKING Heroism.
  7236 | D:8      | Found a shimmering altar of Xom.
  7258 | D:8      | 7258 ||| Stepping ~*~*~tactically~*~*~ (stealth).
  7259 | D:8      | 7259 ||| INVOKING Heroism.
  7551 | D:8      | 7551 ||| DROPPING ring of willpower.
  7552 | D:8      | 7552 ||| READING scroll labelled QIKHLI REXZUSS.
  7553 | D:8      | 7553 ||| READING 3 scrolls of identify.
  7553 | D:8      | 7553 ||| IDENTIFYING smoky pink potion
  7554 | D:8      | 7554 ||| DROPPING potion of ambrosia.
  7562 | D:9      | 7562 ||| INVOKING Heroism.
  7573 | D:9      | Reached skill level 6 in Invocations
  7575 | D:9      | HP: 15/65 [orc warrior/+0 trident (7)]
  7576 | D:9      | 7576 ||| READING scroll of teleportation.
  7577 | D:9      | 7577 ||| DRINKING 2 potions of heal wounds.
  7587 | D:9      | Reached skill level 6 in Armour
  7591 | D:9      | 7591 ||| INVOKING Heroism.
  7597 | D:9      | Reached XP level 11. HP: 42/69 MP: 11/14
  7605 | D:9      | 7605 ||| Stepping ~*~*~tactically~*~*~ (stealth).
  7606 | D:9      | 7606 ||| Stepping ~*~*~tactically~*~*~ (stealth).
  7617 | D:9      | Reached skill level 9 in Fighting
  7630 | D:9      | 7630 ||| INVOKING Heroism.
  7667 | D:9      | 7667 ||| Stepping ~*~*~tactically~*~*~ (stealth).
  7694 | D:9      | 7694 ||| FLEEEEING.
  7695 | D:9      | 7695 ||| FLEEEEING.
  7696 | D:9      | 7696 ||| FLEEEEING.
  7697 | D:9      | 7697 ||| FLEEEEING.
  7698 | D:9      | 7698 ||| FLEEEEING.
  7699 | D:9      | 7699 ||| FLEEEEING.
  7700 | D:9      | 7700 ||| FLEEEEING.
  7701 | D:9      | 7701 ||| STAIRDANCE
  7777 | D:9      | Found the +5 Force Lance {heavy, knockback}
  7781 | D:9      | 7781 ||| INVOKING Heroism.
  7802 | D:9      | Noticed a cyclops
  7803 | D:9      | 7803 ||| Stepping ~*~*~tactically~*~*~ (hiding).
  7806 | D:9      | 7806 ||| Stepping ~*~*~tactically~*~*~ (hiding).
  7808 | D:9      | 7808 ||| Stepping ~*~*~tactically~*~*~ (hiding).
  7817 | D:9      | Killed a cyclops
  7873 | D:9      | 7873 ||| DROPPING +0 morningstar of protection.
  7966 | D:9      | 7966 ||| Stepping ~*~*~tactically~*~*~ (hiding).
  7977 | D:9      | 7977 ||| INVOKING Heroism.
  7985 | D:9      | 7985 ||| Stepping ~*~*~tactically~*~*~ (stealth).
  8033 | D:9      | 8033 ||| INVOKING Heroism.
  8127 | D:9      | Found a staircase to the Lair.
  8131 | D:9      | 8131 ||| Stepping ~*~*~tactically~*~*~ (stealth).
  8132 | D:9      | 8132 ||| Stepping ~*~*~tactically~*~*~ (stealth).
  8133 | D:9      | 8133 ||| Stepping ~*~*~tactically~*~*~ (stealth).
  8134 | D:9      | 8134 ||| Stepping ~*~*~tactically~*~*~ (stealth).
  8210 | D:9      | Identified the +7 dagger "Gargoyle's Peril" {flame, rCorr
                  | Str-4 Int+4}
  8249 | D:9      | Found a stormy altar of Qazlal.
  8311 | D:9      | Found a staircase to the Orcish Mines.
  8455 | D:9      | 8455 ||| PLANNING LAIR
  8455 | D:9      | 8455 ||| UPGRADING to +0 plate armour.
  8465 | D:9      | 8465 ||| DROPPING +0 ring mail of fire resistance.
  8466 | D:9      | 8466 ||| DROPPING +0 chain mail.
  8505 | Lair:1   | Entered Level 1 of the Lair of Beasts
  8524 | Lair:1   | 8524 ||| INVOKING Heroism.
  8641 | Lair:1   | Noticed Grum
  8642 | Lair:1   | 8642 ||| INVOKING Heroism.
  8648 | Lair:1   | 8648 ||| DRINKING potion of cancellation.
  8668 | Lair:1   | Killed Grum
  8855 | Lair:1   | 8855 ||| Stepping ~*~*~tactically~*~*~ (stealth).
  8857 | Lair:1   | 8857 ||| INVOKING Heroism.
  8876 | Lair:1   | Reached skill level 9 in Invocations
  8976 | Lair:1   | 8976 ||| INVOKING Heroism.
  9179 | Lair:1   | 9179 ||| SWAPPING to +0 broad axe.
  9180 | Lair:1   | 9180 ||| DROPPING +2 war axe.
  9271 | Lair:1   | 9271 ||| INVOKING Heroism.
  9343 | Lair:1   | 9343 ||| INVOKING Heroism.
  9597 | Lair:1   | 9597 ||| READING 3 scrolls of identify.
  9597 | Lair:1   | 9597 ||| IDENTIFYING metallic white potion
  9669 | Lair:2   | 9669 ||| INVOKING Heroism.
  9805 | Lair:2   | 9805 ||| INVOKING Heroism.
  9812 | Lair:2   | Reached ***** piety under Okawaru
  9813 | Lair:2   | Reached XP level 12. HP: 76/76 MP: 15/17
  9829 | Lair:2   | You fall into a shaft and drop 1 floor!
  9834 | Lair:3   | 9834 ||| INVOKING Heroism.
  9892 | Lair:2   | 9892 ||| INVOKING Heroism.
  9906 | Lair:2   | Reached skill level 12 in Axes
  9971 | Lair:2   | Noticed a catoblepas
  9972 | Lair:2   | 9972 ||| INVOKING Heroism.
  9976 | Lair:2   | 9976 ||| INVOKING Finesse.
  9986 | Lair:2   | Killed a catoblepas
  9987 | Lair:2   | Reached skill level 6 in Shields
 10045 | Lair:2   | 10045 ||| Stepping ~*~*~tactically~*~*~ (hiding).
 10110 | Lair:2   | 10110 ||| INVOKING Heroism.
 10262 | Lair:2   | 10262 ||| Stepping ~*~*~tactically~*~*~ (hiding).
 10263 | Lair:2   | 10263 ||| Stepping ~*~*~tactically~*~*~ (hiding).
 10272 | Lair:2   | 10272 ||| INVOKING Heroism.
 10588 | Lair:2   | Found a staircase to the Swamp.
 10588 | Lair:2   | Noticed a ghost crab
 10595 | Lair:2   | 10595 ||| INVOKING Heroism.
 10597 | Lair:2   | Killed a ghost crab
 10599 | Lair:2   | 10599 ||| Stepping ~*~*~tactically~*~*~ (cloud).
 10810 | Lair:2   | 10810 ||| INVOKING Heroism.
 11070 | Lair:3   | Identified the +3 whip of Royalism {heavy, rF+ Will+}
 11081 | Lair:3   | Identified the +0 ring mail "Effil" {rC+ Regen+ Int+3
                  | Slay+2}
 11209 | Lair:3   | Found a staircase to the Snake Pit.
 11226 | Lair:3   | 11226 ||| Stepping ~*~*~tactically~*~*~ (stealth).
 11258 | Lair:3   | 11258 ||| Stepping ~*~*~tactically~*~*~ (stealth).
 11264 | Lair:3   | 11264 ||| Stepping ~*~*~tactically~*~*~ (stealth).
 11265 | Lair:3   | 11265 ||| Stepping ~*~*~tactically~*~*~ (stealth).
 11266 | Lair:3   | 11266 ||| INVOKING Heroism.
 11337 | Lair:3   | 11337 ||| INVOKING Heroism.
 11343 | Lair:3   | Reached skill level 13 in Axes
 11376 | Lair:3   | Reached skill level 9 in Armour
 11446 | Lair:3   | 11446 ||| Stepping ~*~*~tactically~*~*~ (stealth).
 11939 | Lair:3   | 11939 ||| INVOKING Heroism.
 11994 | Lair:4   | 11994 ||| INVOKING Heroism.
 12020 | Lair:4   | Reached XP level 13. HP: 68/82 MP: 18/18
 12027 | Lair:4   | Received a gift from Okawaru
 12183 | Lair:4   | Found a transporter.
 12185 | Lair:4   | Found a transporter.
 12216 | Lair:4   | Reached skill level 14 in Axes
 12427 | Lair:4   | 12427 ||| INVOKING Heroism.
 12451 | Lair:4   | 12451 ||| INVOKING Heroism.
 12528 | Lair:4   | 12528 ||| INVOKING Heroism.
 12553 | Lair:4   | 12553 ||| UPGRADING to +0 hat of see invisible.
 12558 | Lair:4   | 12558 ||| READING scroll labelled HOSASEG LAMO.
 12564 | Lair:4   | 12564 ||| INVOKING Heroism.
 12701 | Lair:4   | Found a bloodstained altar of Trog.
 12711 | Lair:4   | Noticed qw's ghost (journeyman GrFi)
 12844 | Lair:5   | Entered Level 5 of the Lair of Beasts
 12855 | Lair:5   | 12855 ||| INVOKING Heroism.
 12950 | Lair:5   | 12950 ||| INVOKING Heroism.
 13036 | Lair:5   | 13036 ||| INVOKING Heroism.
 13066 | Lair:5   | HP: 21/84 [death yak (12)]
 13067 | Lair:5   | 13067 ||| READING 2 scrolls of teleportation.
 13067 | Lair:5   | HP: 10/84 [death yak (11)]
 13067 | Lair:5   | Slain by a death yak

Levels and vault maps discovered:
D:1:      onia_arrival_pentagram, layout_basic, serial_shops, shop,
          chequers_ecumenical_altar_island, chequers_big_river
D:2:      layout_rooms, serial_shops, nicolae_shop_real_fake_doors, basic_altar,
          uniq_natasha
D:3:      layout_basic, grunt_nemelex_the_gamble,
          nicolae_wu_jian_immortal_techniques, gup_sewer_entry_spiral,
          serial_shops, nicolae_shop_stone, uniq_ijyb
D:4:      layout_gridville, minmay_close_crescents
D:5:      layout_loops_ring, overflow_temple_1_default,
          minmay_temple_entry_grid, uniq_blork_the_orc, uniq_edmund,
          uniq_crazy_yiuf_cottage
D:6:      layout_basic, mainiacjoe_overflow_paths, uniq_eustachio,
          uniq_menkaure, uniq_duvessa, uniq_pikel
D:7:      layout_basic, overflow_temple_1_default, kennysheep_mini
D:8:      nicolae_moon_pools, layout_rooms, mainiacjoe_overflow_chevrons
D:9:      layout_cave_pools, overflow_temple_1_default, minmay_lair_entry_grove,
          hiddenorc1_lemuel, minmay_bent
Lair:1:   layout_regular_city, grunt_megastairs_1, uniq_grum
Lair:2:   layout_cave_pods, nicolae_swamp_entry_spooky, beast_lair_carwin_11,
          serial_bayou_shore_a
Lair:3:   layout_concentric_octagons, guppyfry_snake_entry_garden,
          beast_lair_carwin_9, serial_bayou_shore_b
Lair:4:   layout_cave_shapes, gammafunk_ghost_wrathful_warriors,
          serial_bayou_lagoon_b
Lair:5:   evilmike_catoblepas_cave, layout_hall_layers, slime_entry_1,
          grunt_forest_large_clearings

Skill      XL: |  1  2  3  4  5  6  7  8  9 10 11 12 13 |
---------------+----------------------------------------+-----
Axes           | 2 3 4 5 6 7 9 10 11 13 14 | 14.0
Fighting       | 4 5 6 8 9 10 11 | 11.0
Invocations    | 2 4 6 10 | 10.0
Dodging        | 1 2 |  2.0
Shields        | 4 5 6 7 |  7.1
Armour         | 6 8 9 10 | 10.0

Action                     |  1- 3 |  4- 6 |  7- 9 | 10-12 | 13-15 || total
---------------------------+-------+-------+-------+-------+-------++-------
  Melee: War axe           |   113 |   151 |   271 |   359 |       ||   894
         Morningstar       |       |       |       |     8 |       ||     8
         Broad axe         |       |       |       |   276 |   139 ||   415
         Unarmed           |       |       |       |    12 |       ||    12
 Invoke: Heroism           |       |       |    11 |    29 |     7 ||    47
         Finesse           |       |       |       |     1 |       ||     1
    Use: Scroll            |     3 |     5 |     7 |    11 |     2 ||    28
         Potion            |       |     2 |     1 |     2 |       ||     5
 Armour: Scale mail        |    54 |    59 |    13 |       |       ||   126
         Ring mail         |       |       |    41 |       |       ||    41
         Chain mail        |       |       |       |   132 |       ||   132
         Plate armour      |       |       |       |   125 |    53 ||   178
         Skin              |       |       |       |     1 |       ||     1
  Dodge: Dodged            |    72 |    97 |   100 |   320 |    52 ||   641
  Block: Buckler           |    29 |    55 |    91 |   291 |    59 ||   525
         Reflection        |       |     3 |     1 |     3 |       ||     7

Table legend:
 A = Non-vault XP
 B = Vault XP
 C = Vault XP percentage of total XP
 D = Non-vault monster count
 E = Vault monster count
 F = Vault count percentage of total count
                 A         B        C        D         E       F
            +---------+---------+-------+---------+---------+-------
      Total |   28493 |   14510 |  33.7 |     260 |      89 |  25.5
            +---------+---------+-------+---------+---------+-------
        D:1 |      52 |       0 |   0.0 |      34 |       0 |   0.0
        D:2 |     111 |      35 |  24.0 |      16 |       1 |   5.9
        D:3 |     106 |      93 |  46.7 |      15 |       8 |  34.8
        D:4 |     879 |       5 |   0.6 |      28 |       2 |   6.7
        D:5 |     481 |     269 |  35.9 |      12 |       2 |  14.3
        D:6 |    1296 |    1222 |  48.5 |       9 |       5 |  35.7
        D:7 |    1208 |       0 |   0.0 |      25 |       0 |   0.0
        D:8 |    2510 |       0 |   0.0 |      26 |       0 |   0.0
        D:9 |    1508 |    3529 |  70.1 |      19 |      35 |  64.8
     Lair:1 |    2602 |    1799 |  40.9 |      10 |      10 |  50.0
     Lair:2 |    3329 |    2685 |  44.6 |      11 |      10 |  47.6
     Lair:3 |    5465 |    1294 |  19.1 |      24 |       8 |  25.0
     Lair:4 |    8150 |       0 |   0.0 |      29 |       0 |   0.0
     Lair:5 |     796 |    3579 |  81.8 |       2 |       8 |  80.0
            +---------+---------+-------+---------+---------+-------
